 Dungeon Crawl Stone Soup version 0.30-a0-996-ga6910c8ee8 (webtiles) character file.

Game seed: 3709631890780020738

70 Maxmaps the Ducker (level 4, -1/35 HPs)
             Began as a Demonspawn Monk on Apr 5, 2023.
             Slain by Terence
             ... wielding a +5 heavy flail
              (7 damage)
             ... on level 2 of the Dungeon.
             The game lasted 00:02:51 (1554 turns).

Maxmaps the Ducker (Demonspawn Monk)                Turns: 1554, Time: 00:02:51

Health: -1/35      AC: 21    Str: 11    XL:     4   Next: 4%
Magic:  4/4        EV:  3    Int: 14    God:
Gold:   117        SH:  0    Dex: 15    Spells: 3/3 levels left

rFire   . . .      SeeInvis .      - Unarmed
rCold   . . .      Faith    .    (no shield)
rNeg    . . .      Spirit   .    a - +0 plate armour
rPois   .          Reflect  .    (no helmet)
rElec   .          Rampage  .    (no cloak)
rCorr   .                        j - +0 pair of gloves
Will    .....                    (no boots) Stlth
                                 (no amulet)
HPRegen 0.25/turn                (no ring)
MPRegen 0.09/turn                (no ring)

@: sanguine armoured
A: hooves 1, sanguine armour 2
a: no special abilities


You were on level 2 of the Dungeon.
You visited 1 branch of the dungeon, and saw 3 of its levels.

You collected 117 gold pieces.

Inventory:

Armour
 a - a +0 plate armour (worn)
 j - a +0 pair of gloves (worn)
Scrolls
 b - 3 scrolls of identify
 c - a scroll of teleportation
 e - a scroll of fog
 f - 2 scrolls of blinking
 h - 2 scrolls of noise


   Skills:
 - Level 3.0 Fighting
 + Level 2.5 Armour
 - Level 3.2 Dodging
 - Level 1.7 Stealth
 - Level 3.0 Unarmed Combat


You had 3 spell levels left.
You didn't know any spells.
Your spell library was empty.

Dungeon Overview and Level Annotations

Branches:
Dungeon (3/15)

Altars:

Shops:
D:1 (

Annotations:
D:2 Terence


Innate Abilities, Weirdness & Mutations

You have large cloven feet.
When seriously injured, your blood forms thick armour. (AC +9)


Message History

Level annotation: Terence The frilled lizard bites you but does no damage.
The frilled lizard completely misses you.
There is a stone staircase leading up here.
The frilled lizard bites you.
You climb upwards.
There is a stone staircase leading down here.
You closely miss the frilled lizard.
The frilled lizard bites you but does no damage.
You barely miss the frilled lizard. Your kick misses the frilled lizard.
The frilled lizard bites you but does no damage.
You hit the frilled lizard.
You kill the frilled lizard!
No target in view!
You see here a frilled lizard corpse.
There is a stone staircase leading down here.
You climb downwards.
Level annotation: Terence A ball python comes into view.
The orc throws a boomerang.
The boomerang hits you. Terence hits you with a +5 heavy flail.
There is a stone staircase leading up here.
Terence hits you with a +5 heavy flail!!
Ouch! That really hurt!
Your blood congeals into armour.
You climb upwards.
There is a stone staircase leading down here.
You see here a frilled lizard corpse.
You aren't carrying any potions.
Unknown command.
You aren't carrying any potions.
Okay, then.
Terence barely misses you.
There is a stone staircase leading down here.
You hit Terence but do no damage. You kick Terence, but do no damage.
Terence hits you with a +5 heavy flail!
* * * LOW HITPOINT WARNING * * *
You hit Terence but do no damage. You hit Terence but do no damage.
Terence hits you with a +5 heavy flail!
You die...

..# ##...###..).)...#
#.........
.#####..#####........#
####..###. .......##
#.........# #.## #§ #..#####
###.#.......# #.# #§ #.#####
#...#.......# #.# #§
......####.###.####### ##.#
#. #####.......#..# #..####.
# ######..<.########
#.###... ###.......@@†...#
#.###.#.
#....##########.#####.#...##
#####..### #####.........###
##.....##
#####......####.### #..#.###
#.....####.## #...### ..>..#
###.#####.....# ###...##
..########...# #...#####
##.... .#####.....#####.###
####.... .......####......#
#.......


You could see Terence.

Vanquished Creatures
  A gnoll (D:1)
  2 adders (D:2)
  A dart slug (D:2)
  4 orcs (D:2)
  A bat (D:1)
  5 endoplasms
  A giant cockroach (D:2)
  4 goblins
  2 hobgoblins (D:1)
  4 kobolds
  A quokka (D:2)
  5 ball pythons
  A frilled lizard (D:2)
  5 rats
37 creatures vanquished.

Notes
Turn   | Place    | Note
-------+----------+-------------------------------------------
     0 | D:1      | Maxmaps the Demonspawn Monk began the quest for the Orb.
     0 | D:1      | Reached XP level 1. HP: 18/18 MP: 1/1
   218 | D:1      | Gained mutation: When seriously injured, your blood forms
                  | armour. (AC +9) [demonic ancestry]
   218 | D:1      | Reached XP level 2. HP: 20/24 MP: 2/2
   317 | D:1      | Found a faded altar of an unknown god.
   487 | D:1      | Found Mejeih's Antique Weapon Emporium.
   527 | D:1      | Reached skill level 1 in Armour
   652 | D:2      | Gained mutation: When seriously injured, your blood forms
                  | thick armour. (AC +9) [demonic ancestry]
   652 | D:2      | Reached XP level 3. HP: 29/29 MP: 3/3
  1452 | D:3      | Gained mutation: You have large cloven feet. [demonic
                  | ancestry]
  1452 | D:3      | Reached XP level 4. HP: 35/35 MP: 4/4
  1457 | D:3      | Noticed Terence
  1554 | D:2      | Slain by Terence

Illustrated notes

Levels and vault maps discovered:
D:1:      noname_arrival_rooms_in_the_neighbourhood, layout_basic, serial_shops,
          nicolae_shop_hallway_plus, shapermc_ecumenical_altar_mp_highgroup,
          minmay_heptomino_l4
D:2:      layout_rooms
D:3:      layout_loops_ring, uniq_terence

Skill      XL: |  1  2  3 |
---------------+----------+-----
Unarmed Combat | 3 |  3.0
Dodging        | 3 |  3.2
Armour         | 1 2 |  2.5
Fighting       | |  3.0
Stealth        | |  1.7

Action                     |  1- 3 |  4- 6 || total
---------------------------+-------+-------++-------
  Melee: Unarmed           |   136 |    12 ||   148
         Punch             |     7 |       ||     7
         Kick              |       |     3 ||     3
    Use: Potion            |     1 |     1 ||     2
         Scroll            |     6 |       ||     6
 Armour: Chain mail        |    70 |       ||    70
         Plate armour      |       |    17 ||    17
  Dodge: Dodged            |    31 |     2 ||    33

Table legend: (Time is in decaauts)
 A = Elapsed time spent in this place.
 B = Non-inter-level travel time spent in this place.
 C = Inter-level travel time spent in this place.
 D = Time resting spent in this place.
 E = Time spent auto-exploring this place.
 F = Levels seen in this place.
 G = Mean time per level.
                   A        B        C        D        E       F      G
               +--------+--------+--------+--------+--------+-----+--------+
         Total |   1548 |   1476 |     72 |    187 |    916 |   3 |  516.0 |
       Dungeon |   1548 |   1476 |     72 |    187 |    916 |   3 |  516.0 |
               +--------+--------+--------+--------+--------+-----+--------+

Top non-repeatable levels by time:
     D:2: 858 daAuts
     D:1: 638 daAuts
     D:3: 51 daAuts
